 Dungeon Crawl Stone Soup version 0.23.2-1-ga50397a6bc (webtiles) character file.

Game seed: 9958755040027507064

70 nosh the Digger (level 4, 27/27 HPs)
             Began as a Halfling Earth Elementalist on May 22, 2019.
             Quit the game on level 2 of the Dungeon on May 23, 2019.
             The game lasted 00:15:58 (1552 turns).

nosh the Digger (Halfling Earth Elementalist)       Turns: 1552, Time: 00:15:59

Health: 27/27      AC:  2    Str:  9    XL:     4   Next: 44%
Magic:  1/7        EV: 12    Int: 13    God:
Gold:   87         SH:  7    Dex: 15    Spells: 1/7 levels left

rFire    . . .     SeeInvis .   j - +0 short sword
rCold    . . .     Gourm    .   n - +0 shield
rNeg     . . .     Faith    .   c - +0 robe
rPois    .         Spirit   .   (no helmet)
rElec    .         Reflect  .   (no cloak)
rCorr    .         Harm     .   (no gloves)
MR       .....                  (no boots)
Stlth    ++........             (no amulet)
HPRegen  0.49/turn              (no ring)
MPRegen  0.10/turn              (no ring)

@: very slightly contaminated
A: small, mutation resistance 1, regeneration 1
a: no special abilities


You were on level 2 of the Dungeon.
You were not hungry.

You visited 1 branch of the dungeon, and saw 2 of its levels.

You collected 87 gold pieces.

Inventory:

Hand Weapons
 j - a +0 short sword (weapon)
Missiles
 b - 61 stones (quivered)
Armour
 c - a +0 robe (worn)
 i - a +0 scale mail
 n - a +0 shield (worn)
Jewellery
 a - an uncursed ring of poison resistance {unknown}
Scrolls
 e - 3 scrolls of identify
 l - 2 scrolls of teleportation {unknown}
Potions
 f - a potion of magic
 h - 2 potions of agility
 k - a potion of lignification {unknown}
 m - a potion of heal wounds {unknown}
Comestibles
 d - 2 rations


   Skills:
 + Level 0.1 Fighting
 + Level 1.3 Short Blades
 + Level 2.7 Dodging
 + Level 2.4 Stealth
 + Level 0.1 Shields
 + Level 2.1 Spellcasting
 + Level 0.1 Conjurations
 + Level 0.5 Transmutations
 + Level 3.8 Earth Magic


You had one spell level left.
You knew the following spells:

 Your Spells              Type           Power        Failure   Level  Hunger
a - Sandblast             Erth           ##....       34%         1    ##.....
b - Passwall              Tmut/Erth      #.......     71%         2    ###....
c - Stone Arrow           Conj/Erth      #.....       92%         3    ####...

Your spell library contained the following spells:

 Spells                   Type           Power        Failure   Level  Hunger
 Infusion                 Chrm           #...         86%         1    ##.....
 Shroud of Golubria       Chrm/Tloc      #.........   95%         2    ###....
 Song of Slaying          Chrm           #.......     95%         2    ###....
 Regeneration             Chrm/Necr      #.........   99%         3    ####...
 Spectral Weapon          Hex/Chrm       #.......     99%         3    ####...
 Petrify                  Tmut/Erth      #.......     100%        4    #####..
 Lee's Rapid Deconstruct  Erth           ##........   100%        5    ######.


Dungeon Overview and Level Annotations

Branches:
Dungeon (2/15)

Altars:


Innate Abilities, Weirdness & Mutations

You are small and have problems with some larger weapons.
You are somewhat resistant to further mutation.
Your natural rate of healing is unusually fast.


Message History

Aiming: Sandblast (safe; 36% risk of failure)
Press: ? - help, Shift-Dir - straight line, f/p - quokka
Aim: a quokka The blast of sand hits the quokka.
The quokka is severely wounded.
b - 61 stones Sorry, you're not good enough to have a special ability.
Unknown command.
Welcome back, nosh the Halfling Earth Elementalist.
Press ? for a list of commands and other information.
The quokka misses you. The quokka closely misses you.
You closely miss the quokka.
The quokka is severely wounded.
You block the quokka's attack.
You hit the quokka.
You kill the quokka!
Found a lumpy bronze amulet.
Things that are here:
22 arrows; a jackal corpse Are you sure you want to abandon this character and quit the game? (Confirm with "yes".)

.........# #.
#.##....### #.
#.........##### #.
#.............. #.
#.........##### #.
####<..#### # ##.###.
#..)# #
.......######...#### #
"....(.@...........#####
##.##########...........
#...........
############ # #


There were no monsters in sight!

Vanquished Creatures
  An adder (D:2)
  2 oozes (D:1)
  5 bats (D:1)
  2 giant cockroaches (D:1)
  5 goblins
  6 hobgoblins (D:1)
  5 jackals (D:2)
  6 kobolds
  A quokka (D:2)
  A frilled lizard (D:1)
  18 rats
52 creatures vanquished.

Notes
Turn   | Place    | Note
-------+----------+-------------------------------------------
     0 | D:1      | nosh the Halfling Earth Elementalist began the quest for
                  | the Orb.
     0 | D:1      | Reached XP level 1. HP: 11/11 MP: 3/3
   168 | D:1      | Reached XP level 2. HP: 17/17 MP: 2/4
   389 | D:1      | Reached XP level 3. HP: 19/21 MP: 3/6
   680 | D:1      | Learned a level 2 spell: Passwall
   684 | D:1      | Learned a level 3 spell: Stone Arrow
  1195 | D:1      | Reached XP level 4. HP: 27/27 MP: 4/7
  1415 | D:2      | Reached skill level 1 in Short Blades
  1416 | D:2      | Gained mutation: Your natural rate of healing is unusually
                  | fast. [potion of mutation]
  1425 | D:2      | HP: 1/27 [poisoned by an adder]
  1431 | D:2      | HP: 1/27 [poisoned by an adder]
  1552 | D:2      | Quit the game

Skill      XL: |  1  2  3  4 |
---------------+-------------+-----
Spellcasting   | 2 |  2.1
Short Blades   | 1 |  1.3
Fighting       | |  0.1
Dodging        | |  2.7
Stealth        | |  2.4
Shields        | |  0.1
Conjurations   | |  0.1
Transmutations | |  0.5
Earth Magic    | |  3.8

Action                   |  1- 3 |  4- 6 || total
-------------------------+-------+-------++-------
Melee: Unarmed           |     5 |       ||     5
       Short sword       |    62 |    15 ||    77
Throw: Stone             |       |     1 ||     1
 Cast: Sandblast         |    26 |    14 ||    40
       Stone Arrow       |     2 |       ||     2
  Use: Scroll            |     3 |       ||     3
       Potion            |     1 |     2 ||     3
  Eat: Ration            |     1 |       ||     1
Armor: Robe              |    11 |     1 ||    12
Dodge: Dodged            |    54 |    12 ||    66
Block: Shield            |       |     7 ||     7
